Map: Kairos Junction LE

Players

RiSky

  • Race: Zerg Zerg
  • Spawn Location: 11:00

SKillous - Winner!

  • Race: Protoss Protoss
  • Spawn Location: 5:00

Event: 2019 WCS Summer

VOD

Have the link to the VOD?

Description

Time

  • Played on: July 12, 2019, 10:06 a.m.
  • Length: 7:45

All games in this series

Show
View Real Time Build Order
Export as new Build Order

RiSky Zerg 

Build Orders: Hatch First 

Get SALT Encoding   

  12  0:00  Drone  
  13  0:12  Overlord  
  13  0:17  Drone  
  14  0:30  Drone x2  
  16  0:38  Drone  
  17  0:44  Drone  
  18  0:55  Hatchery  
  17  0:58  Drone  
  17  1:01  Extractor  
  17  1:14  Spawning Pool  
  17  1:16  Drone  
  17  1:20  Drone  
  18  1:28  Drone  
  19  1:38  Drone  
  20  1:48  Overlord  
  20  2:01  Queen  
  20  2:03  Metabolic Boost  
  20  2:07  Zergling x2, Queen  
  25  2:08  Zergling x2  
  25  2:13  Drone  
  27  2:18  Drone  
  27  2:21  Drone  
  29  2:29  Drone  
  30  2:38  Hatchery  
  30  2:40  Drone  
  30  2:45  Queen  
  32  2:51  Drone x2  
  32  2:55  Overlord  
  34  2:59  Spore Crawler  
  33  3:06  Drone x2  
  33  3:12  Overlord  
  35  3:15  Drone x2  
  35  3:18  Drone  
  35  3:19  Drone  
  39  3:21  Drone  
  39  3:22  Drone  
  40  3:30  Roach Warren  
  40  3:31  Drone  
  40  3:34  Drone  
  41  3:38  Extractor  
  41  3:39  Extractor  
  39  3:43  Drone  
  39  3:44  Drone  
  39  3:46  Drone  
  39  3:48  Drone x2  
  43  3:50  Drone  
  43  3:54  Lair  
  44  3:56  Drone x2  
  44  3:57  Drone  
  44  4:01  Zergling x4  
  44  4:02  Zergling x2  
  50  4:06  Drone  
  50  4:07  Drone  
  52  4:12  Drone  
  53  4:17  Drone, Overlord  
  53  4:22  Overlord  
  54  4:24  Overlord  
  54  4:32  Spore Crawler  
  54  4:34  Spore Crawler  
  54  4:36  Roach  
  54  4:37  Roach  
  56  4:39  Overlord  
  56  4:41  Roach  
  56  4:42  Roach x2  
  56  4:44  Roach  
  64  4:46  Roach  
  66  4:56  Overseer  
  61  5:01  Roach  
  61  5:02  Roach  
  61  5:03  Zergling x4  
  65  5:11  Overlord  
  65  5:12  Drone x3  
  66  5:31  Hatchery  
  65  5:39  Drone x3  
  65  5:40  Drone, Glial Reconstitution  
  66  5:45  Drone x2  
  66  5:46  Drone x4  
  66  5:49  Drone  
  73  5:56  Extractor  
  69  5:57  Extractor  
  69  5:58  Drone x2, Queen  
  69  6:01  Queen  
  74  6:04  Overseer  
  74  6:12  Overlord  
  74  6:13  Drone  
  74  6:15  Drone  
  74  6:17  Evolution Chamber  
  73  6:20  Drone  
  74  6:26  Drone  
  74  6:29  Overlord  
  74  6:31  Drone  
  76  6:33  Overlord  
  76  6:34  Queen  
  76  6:36  Baneling Nest  
  76  6:37  Drone, Queen  
  80  6:46  Queen  
  80  6:48  Roach x2  
  80  6:49  Roach  
  80  6:51  Roach  
  80  6:54  Roach  
  92  6:58  Roach  
  94  7:02  Roach x2  
  94  7:07  Roach x3  
  104  7:10  Overlord  
  104  7:14  Ravager, Overlord  
  105  7:16  Overlord  
  105  7:18  Spine Crawler  
  105  7:19  Ravager  
  105  7:21  Overlord  
Show
View Real Time Build Order
Export as new Build Order

SKillous Protoss - Winner!

Build Orders: 1 Gate Expand, Archon Immortal, Archon Drop, Dark Templar Rush 

Get SALT Encoding   

  12  0:00  Probe  
  13  0:12  Probe  
  14  0:17  Pylon  
  14  0:24  Probe  
  15  0:32  Probe  
  15  0:40  Probe, Gateway  
  17  0:51  Assimilator, Probe  
  18  1:03  Probe  
  19  1:16  Probe  
  20  1:27  Nexus  
  20  1:39  Cybernetics Core  
  20  1:42  Probe  
  21  1:48  Assimilator  
  21  1:54  Probe  
  22  1:56  Pylon  
  22  2:06  Probe, Adept  
  23  2:17  Warp Gate  
  23  2:18  Probe  
  26  2:23  Twilight Council  
  26  2:26  Stalker  
  26  2:30  Probe  
  26  2:35  Probe  
  29  2:42  Probe  
  29  2:43  Probe  
  32  2:54  Probe  
  32  2:58  Robotics Facility  
  33  3:00  Probe  
  34  3:06  Probe  
  34  3:09  Probe  
  36  3:14  Dark Shrine  
  36  3:17  Probe  
  36  3:18  Probe  
  37  3:26  Probe  
  38  3:29  Gateway  
  38  3:31  Probe  
  38  3:34  Gateway  
  40  3:37  Warp Prism  
  40  3:38  Gateway  
  40  3:40  Probe  
  43  3:49  Probe  
  43  3:52  Probe  
  43  3:54  Pylon  
  45  3:58  Assimilator  
  45  4:01  Probe, Assimilator  
  46  4:12  Probe  
  46  4:13  Probe, Pylon  
  48  4:24  Probe  
  48  4:25  Probe  
  48  4:27  Observer  
  51  4:32  Pylon  
  51  4:37  Dark Templar x3  
  57  4:39  Adept  
  57  4:45  Pylon  
  57  4:46  Probe  
  57  4:49  Immortal  
  58  4:58  Dark Templar  
  64  5:09  Pylon, Nexus  
  64  5:12  Pylon  
  62  5:15  Probe  
  62  5:20  Forge, Sentry x2  
  67  5:21  Zealot  
  67  5:25  Archon  
  67  5:26  Archon  
  67  5:27  Probe  
  70  5:35  Charge  
  70  5:36  Gateway x2  
  70  5:37  Probe  
  71  5:43  Immortal  
  71  5:44  Probe, Pylon  
  76  5:58  Probe  
  76  5:59  Probe  
  78  6:09  Immortal  
  78  6:10  Probe  
  79  6:12  Probe  
  80  6:22  Probe x2  
  80  6:24  Probe  
  87  6:25  Pylon  
  87  6:26  Pylon  
  87  6:33  Gateway x2  
  87  6:34  Probe, Pylon  
  87  6:35  Probe  
  87  6:36  Probe  
  87  6:38  Immortal  
  94  6:59  Assimilator  
  94  7:00  Assimilator  
  97  7:02  Zealot x3  
  97  7:03  Pylon  
  97  7:04  Zealot x3  
  97  7:07  Probe x2  
  108  7:08  Probe  
  109  7:19  Probe x2  
  113  7:31  Zealot x6  
Tags
 
Add a new tag
Caveats
  • Supply blocks, unpowered buildings, or Contaminate may cause inaccurate times.
  • Supply counts are checked every 10 seconds.